 Dungeon Crawl Stone Soup version 0.21-a0-110-g8e1637b (webtiles) character file.

7 MackTheKnife the Magician (level 2, 0/22 HPs)
             Began as a Naga Wizard on July 9, 2017.
             Slain by a leopard gecko (5 damage)
             ... on level 1 of the Dungeon.
             The game lasted 00:00:46 (268 turns).

MackTheKnife the Magician (Naga Wizard)              Turns: 268, Time: 00:00:46

Health: 0/22       AC:  1    Str:  9    XL:     2   Next: 4%
Magic:  1/6        EV: 10    Int: 18    God:
Gold:   32         SH:  0    Dex:  9    Spells: 6/7 levels left

rFire    . . .     SeeInvis +   h - +0 whip
rCold    . . .     Gourm    .   (no shield)
rNeg     . . .     Faith    .   a - +0 robe
rPois    +         Spirit   .   b - +0 hat
rElec    .         Reflect  .   (no cloak)
rCorr    .         Harm     .   (no gloves)
MR       .....                  (no barding)
Stlth    ++........             (no amulet)
HPRegen  0.07/turn              (no ring)
MPRegen  0.10/turn              (no ring)

@: short of breath, very slow
A: see invisible, deformed body, poison resistance, slowness 2, slow metabolism
1, spit poison 1, AC +0
a: Spit Poison


You were on level 1 of the Dungeon.
You were not hungry.

You visited 1 branch of the dungeon, and saw 1 of its levels.

You collected 32 gold pieces.

Inventory:

Hand Weapons
 h - a +0 whip (weapon)
   (You took it off a kobold on level 1 of the Dungeon)
Armour
 a - a +0 robe (worn)
 b - a +0 hat (worn)
 g - a +0 shield
   (You found it on level 1 of the Dungeon)
Potions
 e - a potion of agility {unknown}
Books
 c - a book of Minor Magic
Comestibles
 d - a bread ration {@e1}
 f - a meat ration {@e2}


   Skills:
 - Level 1.5 Dodging
 - Level 3.0 Stealth
 + Level 3.2 Spellcasting
 + Level 1.6 Conjurations
   Level 1.0 Summonings
   Level 1.0 Translocations


You had 6 spell levels left.
You knew the following spells:

 Your Spells              Type           Power        Failure   Level  Hunger
z - Magic Dart            Conj           #...         9%          1    None


Dungeon Overview and Level Annotations

Branches:
Dungeon (1/15)

Altars:


Innate Abilities, Weirdness & Mutations

You cannot wear boots.
Your serpentine skin is tough. (AC +0)
You have supernaturally acute eyesight. (SInv)
Armour fits poorly on your strangely shaped body.
Your system is resistant to poisons. (rPois)
You cover ground very slowly.
You have a slow metabolism.
You can spit poison.


Message History

The kobold hits you with a short sword.
You take 2 damage, and have 11/15 hp.
The kobold hits you with a short sword.
You take 1 damage, and have 10/15 hp.
Aim: a kobold, wielding a short sword (heavily wounded)
The splash of poison hits the kobold.
The kobold is poisoned.
You kill the kobold!
You feel slightly more hungry.
Aim: a kobold, wielding a whip The magic dart hits the kobold.
The kobold hits you but does no damage.
You now have 2/4 mp.
Aim: a kobold, wielding a whip The magic dart hits the kobold.
You kill the kobold!
The ball python bites you but does no damage.
You now have 1/4 mp.
Aim: a ball python The magic dart hits the ball python.
You kill the ball python!
You don't have enough magic to cast that spell.
You now have 0/4 mp.
Okay, then.
You start resting.
You have got your breath back.
You start resting.
Your magical contamination has completely faded away.
You start resting.
Health restored: 15; MP restored: 4
Things that are here:
a whip; a short sword; a kobold corpse 2 kobolds come into view.
There are monsters nearby!
There are monsters nearby!
Aim: a kobold, wielding a short sword (hasn't noticed you)
The magic dart hits the kobold.
The kobold shouts!
Aim: a kobold, wielding a short sword (severely wounded)
The magic dart hits the kobold.
You kill the kobold!
The kobold shouts!
Aim: a kobold, wielding a dagger The magic dart hits the kobold.
A rat comes into view.
You now have 1/4 mp.
Aim: a kobold, wielding a dagger (heavily wounded)
The magic dart hits the kobold.
A kobold comes into view.
You now have 0/4 mp.
You don't have enough magic to cast that spell.
You don't have enough magic to cast that spell.
Unknown command.
The kobold moves out of view.
Aim: a kobold, wielding a dagger (heavily wounded)
The splash of poison misses the kobold.
The splash of poison hits the rat.
The rat is poisoned.
You kill the rat!
You feel slightly more hungry. The kobold closely misses you.
You hit the kobold.
You have got your breath back.
The kobold closely misses you.
You closely miss the kobold. The kobold hits you with a dagger.
You take 1 damage, and have 14/15 hp.
You closely miss the kobold. The kobold hits you but does no damage.
The kobold hits you with a dagger.
You take 3 damage, and have 11/15 hp.
Things that are here:
a whip; a short sword; a kobold corpse
h - a whip The kobold closely misses you.
Wield which item (- for none, * to show all)? (? for menu, Esc to quit)
h - a +0 whip (weapon)
The leopard gecko hisses angrily.
The kobold hits you but does no damage.
You closely miss the kobold. The kobold hits you with a dagger.
You take 4 damage, and have 7/15 hp.
MASSIVE DAMAGE!!
Aim: a kobold, wielding a dagger (heavily wounded)
The magic dart hits the kobold.
The kobold hits you but does no damage.
You now have 1/4 mp.
Aim: a kobold, wielding a dagger (severely wounded)
The magic dart hits the kobold.
The kobold barely misses you.
You now have 0/4 mp.
Aim: a kobold, wielding a dagger (severely wounded)
The splash of poison hits the kobold.
The kobold appears unharmed.
You feel slightly more hungry. The kobold hits you with a dagger.
You take 2 damage, and have 5/15 hp.
You don't have enough magic to cast that spell.
You don't have enough magic to cast that spell.
You hit the kobold.
You kill the kobold!
You have reached level 2!
The leopard gecko barely misses you.
You regained 3 hp, and now have 8/22 hp.
You hit the leopard gecko. The leopard gecko barely misses you.
You hit the leopard gecko. The leopard gecko closely misses you.
You miss the leopard gecko. The leopard gecko bites you.
* * * LOW HITPOINT WARNING * * *
The leopard gecko bites you.
You die...

..............##...'...#..##.
..............##.###...#...##
........†l....##.# #...#.#...
..............##.# ##+####.##
########......##.# #.##
#......##.# #.# #......##.#
#.# #.#######.+ +.#
#...l@....# #.# ###########
#.


You could see a leopard gecko.

Vanquished Creatures
  A ball python (D:1)
  A bat (D:1)
  5 kobolds (D:1)
  A rat (D:1)
8 creatures vanquished.

Notes
Turn   | Place    | Note
-------+----------+-------------------------------------------
     0 | D:1      | MackTheKnife the Naga Wizard began the quest for the Orb.
     0 | D:1      | Reached XP level 1. HP: 15/15 MP: 4/4
   265 | D:1      | Reached XP level 2. HP: 7/22 MP: 0/6
   268 | D:1      | HP: 5/22 [leopard gecko (3)]
   268 | D:1      | Slain by a leopard gecko

Vault maps used:
D:1:      dpeg_arrival_yet_another_circle, hangedman_abyss_or_decor_lesser_grid,
          minmay_fountain_box

Action                   || total
-------------------------++-------
Melee: Unarmed           ||     5
       Whip              ||     5
 Cast: Magic Dart        ||    15
 Abil: Spit Poison       ||     4
Armor: Robe              ||     2
Dodge: Dodged            ||     9

Vault maps used:
D:1:      dpeg_arrival_yet_another_circle, hangedman_abyss_or_decor_lesser_grid,
          minmay_fountain_box

Table legend:
 A = Turns spent in this place as a percentage of turns spent in the entire game.
 B = Non-inter-level travel turns spent in this place as a percentage of non-inter-level travel turns spent in the entire game.
 C = Inter-level travel turns spent in this place as a percentage of turns spent in this place.
 D = Turns resting spent in this place as a percentage of non-inter-level travel turns spent in this place.
 E = Turns spent auto-exploring this place as a percentage of non-inter-level travel turns spent in this place.
 F = Non-inter-level travel turns spent in this place divided by the number of levels of this place that you've seen.
                   A       B       C       D       E      F
               +-------+-------+-------+-------+-------+----------------------
         Total | 100.0 | 100.0 |   0.0 |   8.2 |   5.2 |  97.0
       Dungeon | 100.0 | 100.0 |   0.0 |   8.2 |   5.2 |  97.0
               +-------+-------+-------+-------+-------+----------------------

Table legend:
 A = Kills in this place as a percentage of kills in entire the game.
 B = Kills by you in this place as a percentage of kills by you in the entire game.
 C = Kills by friends in this place as a percentage of kills by friends in the entire game.
 D = Other kills in this place as a percentage of other kills in the entire game.
 E = Experience gained in this place as a percentage of experience gained in the entire game.
 F = Experience gained in this place divided by the number of levels of this place that you have seen.
                   A       B       C       D       E      F
               +-------+-------+-------+-------+-------+----------------------
         Total | 100.0 | 100.0 |  -nan |  -nan | 100.0 |  11.0
       Dungeon | 100.0 | 100.0 |  -nan |  -nan | 100.0 |  11.0
               +-------+-------+-------+-------+-------+----------------------
